 Dungeon Crawl Stone Soup version 0.31-a0-654-gbe3e110b4e (webtiles) character file.

Game seed: 16446965810700184380

115675 cforsyth the Prestidigitator (level 16, -8/113 HPs)
             Began as a Gnoll Artificer on Aug 28, 2023.
             Was the Champion of Hepliaklqana.
             Mangled by a naga warrior
             ... wielding a +0 war axe
              (23 damage)
             ... on level 1 of the Snake Pit on Aug 29, 2023.
             The game lasted 01:02:49 (37534 turns).

cforsyth the Prestidigitator (Gnoll Artificer)     Turns: 37534, Time: 01:02:49

Health: -8/113     AC: 20    Str: 10    XL:     16   Next: 69%
Magic:  31/31      EV: 17    Int: 22    God:    Hepliaklqana [******]
Gold:   2163       SH: 17    Dex: 13    Spells: 21/37 levels left

rFire   . . .        a - +1 broad axe (freeze)
rCold   . . .        T - +1 kite shield {AC+3}
rNeg    . . .        x - +5 robe of Night {Dark Will+ SInv}
rPois   +            C - +0 helmet
rElec   .            r - +1 cloak {Will+}
rCorr   .            Z - +0 pair of gloves {Stlth+}
SInv    +            e - +2 pair of boots {rampage}
Will    ++++.        k - amulet of reflection
Stlth   ++++++       q - ring of willpower
HPRegen 0.38/turn    K - +5 ring of evasion
MPRegen 0.22/turn

%: reflection, rampage
@: hasted, constricted, invisible, unable to read, very quick
A: reduced essence, fangs 1, strong nose, distributed training, clever 1, poison
resistance, inability to read after injury 1
a: Renounce Religion, Recall Ancestor, Ancestor Identity, Transference, Idealise


You were on level 1 of the Snake Pit.
You worshipped Hepliaklqana.
Hepliaklqana was exalted by your worship.
You visited 4 branches of the dungeon, and saw 23 of its levels.
You also visited: Sewer and Gauntlet.

You collected 2637 gold pieces.
You spent 474 gold pieces at shops.

Inventory:

Hand Weapons
 a - a +1 broad axe of freezing (weapon)
 b - the +6 shillelagh "Devastator" {shatter}
   (You found it on level 5 of the Dungeon)
 y - the +3 hand axe "Curumian" {speed, rPois rC+ Dex+3}
   (You found it in a sewer)

   Dex+3:     It affects your dexterity (+3).
   rC+:       It protects you from cold.
   rPois:     It protects you from poison
Armour
 e - a +2 pair of boots of rampaging (worn)
 m - a +1 cloak of preservation
 r - a +1 cloak of willpower (worn)
 x - the +5 robe of Night (worn) {Dark Will+ SInv}
   (You found it on level 15 of the Dungeon)

   Dark:      It shrouds the wearer in darkness, reducing the range at which
   they can see and be seen by others.
   Will+:     It increases your willpower.
   SInv:      It lets you see invisible.
 C - a +0 helmet (worn)
 S - the +1 ring mail of the Land of Plenty {Rampage rElec rC+}
   (You bought it in a shop on level 10 of the Dungeon)

   rC+:       It protects you from cold.
   rElec:     It insulates you from electricity.
   Rampage:   It bestows one free step when moving towards enemies.
 T - a +1 kite shield of protection (worn)
 Z - a +0 pair of gloves of stealth (worn)
Jewellery
 k - an amulet of reflection (around neck)
 p - a ring of protection from cold
 q - a ring of willpower (left hand)
 s - a ring of fire
 v - a ring of protection from cold
 G - a ring of resist corrosion
 K - a +5 ring of evasion (right hand)
Wands
 d - a wand of charming (6)
 D - a wand of polymorph (6)
 J - a wand of paralysis (10)
 M - a wand of flame (23)
 U - a wand of mindburst (21)
Scrolls
 g - 8 scrolls of immolation
 l - 11 scrolls of enchant armour
 o - a scroll of revelation
 t - 3 scrolls of torment
 w - 2 scrolls of enchant weapon
 A - a scroll of acquirement {unknown}
 B - 6 scrolls of fear {unknown}
 F - a scroll of vulnerability
 H - a scroll of brand weapon {unknown}
 N - 2 scrolls of identify
 P - a scroll of noise {unknown}
 W - 2 scrolls of poison {unknown}
 X - a scroll of fog
 Y - 5 scrolls of teleportation
Potions
 c - a potion of invisibility
 f - 7 potions of curing
 h - 3 potions of haste
 i - 2 potions of berserk rage
 j - 3 potions of attraction
 u - 3 potions of brilliance
 z - 2 potions of magic {unknown}
 E - 2 potions of enlightenment
 I - a potion of cancellation
 L - 5 potions of lignification
 O - a potion of heal wounds
 Q - 4 potions of might
 V - a potion of ambrosia
Miscellaneous
 n - a box of beasts


   Skills:
 + Level 11.6 Fighting
 + Level 11.3 Short Blades
 + Level 11.3 Long Blades
 + Level 11.3 Axes
 + Level 11.3 Maces & Flails
 + Level 11.3 Polearms
 + Level 11.3 Staves
 + Level 11.3 Ranged Weapons
 + Level 11.3 Throwing
 + Level 12.1 Armour
 + Level 11.6 Dodging
 + Level 11.5 Stealth
 + Level 11.3 Shields
 + Level 11.3 Unarmed Combat
 + Level 11.3 Spellcasting
 + Level 9.5 Conjurations
 + Level 9.5 Hexes
 + Level 9.5 Summonings
 + Level 9.5 Necromancy
 + Level 9.5 Translocations
 + Level 9.5 Transmutations
 + Level 9.5 Fire Magic
 + Level 9.5 Ice Magic
 + Level 9.5 Air Magic
 + Level 9.5 Earth Magic
 + Level 9.5 Poison Magic
 + Level 12.2 Invocations
 + Level 12.9 Evocations
 + Level 10.3 Shapeshifting


You had 21 spell levels left.
You knew the following spells:

 Your Spells              Type           Power      Damage    Failure   Level
a - Stone Arrow           Conj/Erth      100%       3d13      1%          3
b - Yara's Violent Unrav  Hex/Tmut       26%        3d11      8%          5
c - Manifold Assault      Tloc           53%        N/A       2%          4
e - Summon Lightning Spi  Summ/Air       53%        N/A       2%          4

Your spell library contained the following spells:

 Spells                   Type           Power      Damage    Failure   Level
 Apportation              Tloc           100%       N/A       1%          1
 Sandblast                Erth           100%       2d20      1%          1
 Slow                     Hex            100%       N/A       1%          1
 Sting                    Tmut/Pois      100%       1d8       1%          1
 Blink                    Tloc           100%       N/A       1%          2
 Lesser Beckoning         Tloc           100%       N/A       1%          2
 Momentum Strike          Conj/Tloc      100%       3d10      1%          2
 Passwall                 Tmut/Erth      44%        N/A       1%          2
 Poisonous Vapours        Pois/Air       100%       N/A       1%          2
 Sublimation of Blood     Necr           53%        N/A       1%          2
 Wereblood                Tmut           53%        N/A       1%          2
 Confusing Touch          Hex            53%        N/A       1%          3
 Ignite Poison            Fire/Tmut/Pois 53%        N/A       1%          3
 Inner Flame              Hex/Fire       53%        N/A       1%          3
 Vampiric Draining        Necr           53%        2d9       1%          3
 Volatile Blastmotes      Fire/Tloc      100%       2d18      1%          3
 Animate Armour           Summ/Erth      100%       N/A       2%          4
 Olgreb's Toxic Radiance  Pois           53%        N/A       2%          4
 Sticky Flame             Conj/Fire      53%        2d7       2%          4
 Vhi's Electric Charge    Tloc/Air       100%       N/A       2%          4
 Alistair's Intoxication  Tmut/Pois      35%        N/A       8%          5
 Lee's Rapid Deconstruct  Erth           26%        3d14*     8%          5
 Dispersal                Tloc           26%        N/A       41%         6
 Enfeeble                 Hex            26%        N/A       94%         7
 Summon Hydra             Summ           26%        N/A       94%         7
 Disjunction              Tloc           26%        N/A       100%        8
 Ignition                 Fire           26%        3d9       100%        8


Dungeon Overview and Level Annotations

Branches:
Dungeon (15/15)            Temple (0/1) D:6            Lair (5/5) D:11
 Shoals (0/4) Lair:2        Snake (1/4) Lair:2        Slime (0/5) Lair:4
    Orc (2/2) D:11            Elf (0/3) Orc:2        Vaults (0/5) D:13
 Depths (0/4) D:15          Sewer (visited)         Gauntlet (visited)

Altars:
Cheibriados
Dithmenos
Fedhas
Gozag
Hepliaklqana
Kikubaaqudgha
Makhleb
Nemelex Xobeh
Okawaru
Ru
Sif Muna
Vehumet
Yredelemnul
Jiyva

Shops:
D:2 *   D:5 (   D:10 [   Orc:2 [*(?


Innate Abilities, Weirdness & Mutations

Your life essence is reduced to manifest your ancestor. (-10% HP)
You have very sharp teeth.
Your uncanny sense of smell can sniff out nearby items.
Your experience applies equally to all skills.
Your mind is acute. (Int +4, Str/Dex -1)
Your system is resistant to poisons. (rPois)
You occasionally lose the ability to read scrolls when taking damage.


Message History

Aiming: Charm
Press: ? - help, Shift-Dir - straight line, f - guardian serpent
Aim: a guardian serpent (moderately wounded, chance to affect: 41%)
Okay, then.
Unknown command.
You cannot read scrolls in your current state!
You fade into invisibility!
The guardian serpent casts a spell at you.
The bolt of poison hits you.
You are poisoned.
You resist.
* * * LOW HITPOINT WARNING * * *
You feel better.
The guardian serpent casts a spell at you.
The naga blinks!
The naga warrior blinks!
The naga blinks!
The guardian serpent misses you.
Press: ? - help, v - describe, . - travel
Here: a guardian serpent (moderately wounded)
The floor.
Press: ? - help, v - describe, . - travel
Here: a naga, wielding a +0 mace (strong)
The floor.
You cannot read scrolls in your current state!
You feel yourself speed up. You block the naga's attack. The naga grabs you.
The naga constricts you.
The guardian serpent closely misses you.
You block the naga's attack.
The naga warrior hits you but does no damage.
You slash the guardian serpent! You freeze the guardian serpent.
The guardian serpent is heavily wounded.
You closely miss the naga. You slash the naga warrior!
You freeze the naga warrior. You hit the naga but do no damage.
The guardian serpent hits you!
* * * LOW HITPOINT WARNING * * *
The naga hits you but does no damage. The naga constricts you.
The naga spits poison at you.
You block splash of poison... and reflect it back!
The splash of poison hits the naga.
The naga warrior hits you with a +0 war axe!!
You die...

#......... #...# #.
##......... #... #.#
#.......... #.#
#.......... .# ......)...#
# #.. .....)...# ##.#..
......S### ..##. ....##S##
#.## ..## ##@## ##.# ..#
###NNN### # #... ...
#......... ..#...
...##......... ...#......
#.........#. ...#......
#...........# #........
##...........###.#..^..
##.##..........# #......
.##..R..)........###..#...


You could see a naga warrior, a shock serpent (unable to see you), a guardian
serpent and 2 nagas.

Vanquished Creatures
  Agnes (D:14)
  The ghost of Funteblela the Thaumaturge, a journeyman GnWn of Vehumet (Orc:1)
  A minotaur (Gauntlet)
  An anaconda (Snake:1)
  2 hydras (Lair:3)
  3 satyrs (D:15)
  6 death yaks
  A catoblepas (Lair:3)
  2 boulder beetles (D:14)
  A centaur warrior (D:15)
  3 tengu warriors
  A satyr (shapeshifter) (D:13)
  2 two-headed ogres
  3 orc high priests (Orc:2)
  2 sixfirhies (Gauntlet)
  A shadow wraith (D:15)
  A lindwurm (Lair:5)
  A wizard (D:15)
  7 ugly things
  A mana viper (Snake:1)
  2 salamanders (Snake:1)
  An orc sorcerer (Orc:2)
  9 elephants
  3 cyclopes
  10 black mambas
  5 cane toads
  2 gargoyles
  3 naga magi (Snake:1)
  A molten gargoyle (Lair:5)
  2 komodo dragons
  A red devil (Gauntlet)
  A polar bear (shapeshifter) (D:15)
  3 trolls
  A polar bear (Lair:3)
  2 hornets (Gauntlet)
  12 blink frogs
  2 dream sheep (D:15)
  A shadow (D:11)
  13 slime creatures
  5 wyverns
  2 vampires (D:11)
  42 yaks
  2 fire elementals (D:13)
  2 wraiths
  4 basilisks
  Grum (D:11)
  4 vampire mosquitoes
  2 steam dragons
  2 nagas (Snake:1)
  2 wargs (D:15)
  2 acid dragons
  10 water moccasins
  A hell hound (D:12)
  6 orc warriors
  3 ice beasts
  2 sky beasts (D:7)
  A black bear (D:8)
  14 centaurs
  5 ogres
  9 wolves
  3 phantoms
  A kobold brigand (D:8)
  12 bullfrogs
  2 scorpions
  5 wights
  12 killer bees
  2 electric eels (Lair:5)
  A crimson imp (Gauntlet)
  3 iron imps (D:3)
  A hound (D:4)
  4 jellies
  11 orc priests
  An iguana (D:6)
  Natasha (thrice) (D:3)
  Terence (D:2)
  9 orc wizards
  7 ogre zombies (D:11)
  14 gnolls
  12 adders
  An ufetubus (D:5)
  A worm (D:2)
  A dart slug (D:1)
  29 orcs
  6 ball pythons
  6 endoplasms
  16 giant cockroaches
  5 goblins
  2 hobgoblins
  4 jackals (D:1)
  8 quokkas
  3 bats
  13 frilled lizards
  2 goblin skeletons (D:11)
  A hobgoblin skeleton (D:11)
  2 hobgoblin zombies (D:11)
  4 kobolds
  3 orc skeletons (D:11)
  9 orc zombies (D:11)
  4 rats
460 creatures vanquished.

Vanquished Creatures (collateral kills)
  Azrael (D:13)
  Nessos (D:14)
  Josephine (D:10)
  An entropy weaver (shapeshifter) (D:13)
  A fire dragon (Lair:5)
  A rakshasa (D:15)
  3 hydras
  A catoblepas (D:15)
  4 centaur warriors
  2 boulder beetles
  3 death yaks
  A satyr (D:15)
  An orc high priest (Orc:2)
  Sonja (D:10)
  A glowing orange brain (D:15)
  3 mana vipers (Snake:1)
  A naga ritualist (Snake:1)
  2 deep elf pyromancers
  3 orc sorcerers (Orc:2)
  A shining eye (shapeshifter) (D:15)
  2 orc knights
  A manticore (D:11)
  4 cyclopes
  7 ugly things
  2 salamanders (Snake:1)
  Joseph (D:9)
  A naga mage (Snake:1)
  9 black mambas
  6 elephants
  A smoke demon (Gauntlet)
  A molten gargoyle (Lair:5)
  6 cane toads
  3 unseen horrors
  Jeremiah (D:8)
  3 rime drakes
  11 komodo dragons
  A freezing wraith (D:14)
  Psyche (D:9)
  A meliai (shapeshifter) (D:14)
  A polar bear (Lair:4)
  2 trolls
  3 hornets
  8 blink frogs
  8 slime creatures
  A centaur simulacrum (D:15)
  5 wraiths
  A wyvern (D:11)
  4 basilisks
  4 fire elementals
  A steam dragon (D:8)
  35 yaks
  Edmund (D:5)
  A vampire mosquito (D:12)
  2 wargs
  3 acid dragons
  9 nagas
  3 water moccasins
  4 hell hounds
  A black bear (D:6)
  A sky beast (D:7)
  11 orc warriors
  6 ice beasts
  4 ogres
  11 wolves
  5 centaurs
  A phantom (D:11)
  A kobold brigand (D:10)
  2 bullfrogs
  2 scorpions
  2 wights (D:8)
  7 killer bees
  2 electric eels (Lair:5)
  A crimson imp (Gauntlet)
  5 lava snakes (Lair:5)
  10 orc priests
  A jelly (Lair:4)
  A gnoll bouda (D:7)
  2 hounds
  An iguana (D:5)
  13 orc wizards
  An ogre zombie (D:11)
  2 gnolls (D:7)
  An adder (D:3)
  A worm (shapeshifter) (D:13)
  19 orcs
  2 endoplasms (Lair:4)
  A giant cockroach (D:3)
  A goblin skeleton (D:11)
  A hobgoblin zombie (D:11)
  2 kobolds (D:10)
  6 orc zombies (D:11)
318 creatures vanquished.

Vanquished Creatures (others)
  A sixfirhy (Gauntlet)
  A shadow wraith (D:15)
  A blink frog (Lair:3)
  An orc priest (D:3)
  25 battlemagi
  2 ancestors (D:5)
  3 adders
34 creatures vanquished.

Grand Total: 812 creatures vanquished

Notes
Turn   | Place    | Note
-------+----------+-------------------------------------------
     0 | D:1      | cforsyth the Gnoll Artificer began the quest for the Orb.
     0 | D:1      | Reached XP level 1. HP: 17/17 MP: 1/1
   208 | D:1      | Reached XP level 2. HP: 12/23 MP: 2/2
  1254 | D:2      | Reached XP level 3. HP: 28/28 MP: 3/3
  1258 | D:2      | Found Uckoaf's General Store.
  1298 | D:2      | Reached skill level 1 in Invocations
  1522 | D:2      | Reached skill level 1 in Short Blades
  1522 | D:2      | Reached skill level 1 in Long Blades
  1522 | D:2      | Reached skill level 1 in Axes
  1522 | D:2      | Reached skill level 1 in Maces & Flails
  1522 | D:2      | Reached skill level 1 in Polearms
  1522 | D:2      | Reached skill level 1 in Staves
  1522 | D:2      | Reached skill level 1 in Ranged Weapons
  1522 | D:2      | Reached skill level 1 in Throwing
  1522 | D:2      | Reached skill level 1 in Shields
  1522 | D:2      | Reached skill level 1 in Unarmed Combat
  1522 | D:2      | Reached skill level 1 in Spellcasting
  1585 | D:2      | Reached skill level 1 in Shapeshifting
  1585 | D:2      | Reached XP level 4. HP: 29/34 MP: 5/5
  1891 | D:2      | Noticed Terence
  1899 | D:2      | Killed Terence
  1900 | D:2      | Reached skill level 1 in Conjurations
  1900 | D:2      | Reached skill level 1 in Hexes
  1900 | D:2      | Reached skill level 1 in Summonings
  1900 | D:2      | Reached skill level 1 in Necromancy
  1900 | D:2      | Reached skill level 1 in Translocations
  1900 | D:2      | Reached skill level 1 in Transmutations
  1900 | D:2      | Reached skill level 1 in Fire Magic
  1900 | D:2      | Reached skill level 1 in Ice Magic
  1900 | D:2      | Reached skill level 1 in Air Magic
  1900 | D:2      | Reached skill level 1 in Earth Magic
  1900 | D:2      | Reached skill level 1 in Poison Magic
  2074 | D:3      | Reached XP level 5. HP: 16/40 MP: 5/7
  2401 | D:3      | Found a glowing drain.
  2435 | D:3      | Reached XP level 6. HP: 31/47 MP: 8/8
  2460 | Sewer    | Entered a sewer
  2792 | Sewer    | Reached skill level 5 in Armour
  3248 | Sewer    | Identified the +3 hand axe "Curumian" {speed, rPois rC+
                  | Dex+3}
  3602 | D:3      | Found a burning altar of Makhleb.
  3632 | D:3      | Reached XP level 7. HP: 52/52 MP: 10/10
  4056 | D:3      | Noticed Natasha
  4057 | D:3      | Killed Natasha
  4058 | D:3      | Found a hazy altar of Hepliaklqana.
  4063 | D:3      | Became a worshipper of Hepliaklqana the Forgotten
  4091 | D:3      | Noticed Natasha
  4093 | D:3      | Killed Natasha
  4179 | D:3      | Noticed Natasha
  4185 | D:3      | Killed Natasha
  4991 | D:4      | Reached * piety under Hepliaklqana
  5381 | D:5      | Entered Level 5 of the Dungeon
  5552 | D:5      | Reached XP level 8. HP: 30/54 MP: 12/12
  5680 | D:5      | Found the +6 shillelagh "Devastator" {shatter}
  5791 | D:5      | Found a sparkling altar of Nemelex Xobeh.
  5830 | D:5      | Noticed Edmund
  5854 | D:5      | Killed Edmund
  6013 | D:5      | Found Awoga's Weapon Emporium.
  6270 | D:5      | Found a snail-covered altar of Cheibriados.
  6921 | D:5      | Reached ** piety under Hepliaklqana
  6922 | D:5      | Remembered your ancestor Synnove as a battlemage
  7335 | D:6      | Reached XP level 9. HP: 50/59 MP: 14/14
  7363 | D:6      | Found a staircase to the Ecumenical Temple.
  7715 | D:6      | Reached skill level 5 in Fighting
  7715 | D:6      | Reached skill level 5 in Dodging
  8303 | D:7      | Reached skill level 5 in Stealth
  8596 | D:7      | Found a blossoming altar of Fedhas.
  8763 | D:7      | Reached skill level 5 in Invocations
  8855 | D:7      | Found a sacrificial altar of Ru.
  9083 | D:8      | Noticed Jeremiah
  9357 | D:8      | Found a basalt altar of Yredelemnul.
  9398 | D:8      | Noticed a hornet
  9402 | D:8      | Reached XP level 10. HP: 62/67 MP: 17/17
  9406 | D:8      | Reached skill level 5 in Short Blades
  9406 | D:8      | Reached skill level 5 in Long Blades
  9406 | D:8      | Reached skill level 5 in Axes
  9406 | D:8      | Reached skill level 5 in Maces & Flails
  9406 | D:8      | Reached skill level 5 in Polearms
  9406 | D:8      | Reached skill level 5 in Staves
  9406 | D:8      | Reached skill level 5 in Ranged Weapons
  9406 | D:8      | Reached skill level 5 in Throwing
  9406 | D:8      | Reached skill level 5 in Shields
  9406 | D:8      | Reached skill level 5 in Unarmed Combat
  9406 | D:8      | Reached skill level 5 in Spellcasting
  9720 | D:8      | Reached skill level 5 in Shapeshifting
  9853 | D:8      | Found an ancient bone altar of Kikubaaqudgha.
  9905 | D:8      | Reached *** piety under Hepliaklqana
  9984 | D:8      | Killed Jeremiah
 10096 | D:8      | Noticed a two-headed ogre
 10106 | D:8      | Killed a two-headed ogre
 10265 | D:8      | Reached XP level 11. HP: 70/74 MP: 19/19
 10621 | D:8      | Reached skill level 5 in Conjurations
 10621 | D:8      | Reached skill level 5 in Hexes
 10621 | D:8      | Reached skill level 5 in Summonings
 10621 | D:8      | Reached skill level 5 in Necromancy
 10621 | D:8      | Reached skill level 5 in Translocations
 10621 | D:8      | Reached skill level 5 in Transmutations
 10621 | D:8      | Reached skill level 5 in Fire Magic
 10621 | D:8      | Reached skill level 5 in Ice Magic
 10621 | D:8      | Reached skill level 5 in Air Magic
 10621 | D:8      | Reached skill level 5 in Earth Magic
 10621 | D:8      | Reached skill level 5 in Poison Magic
 11184 | D:9      | Found an opulent altar of Gozag.
 11253 | D:9      | Found a shadowy altar of Dithmenos.
 11279 | D:9      | Noticed Psyche
 11280 | D:9      | Killed Psyche
 11519 | D:9      | Noticed Joseph
 11530 | D:9      | Killed Joseph
 11593 | D:9      | Found a radiant altar of Vehumet.
 11779 | D:10     | Entered Level 10 of the Dungeon
 11944 | D:10     | Found Vuqios's Antique Armour Emporium.
 11950 | D:10     | Bought a faintly glowing ring mail for 243 gold pieces
 11950 | D:10     | Identified the +1 ring mail of the Land of Plenty {Rampage
                  | rElec rC+} (You bought it in a shop on level 10 of the
                  | Dungeon)
 11983 | D:10     | Noticed Sonja
 11992 | D:10     | Killed Sonja
 12197 | D:10     | Noticed Josephine
 12216 | D:10     | Killed Josephine
 12414 | D:9      | Upgraded the game from 0.31-a0-640-g39d97e502b to
                  | 0.31-a0-654-gbe3e110b4e
 12568 | D:10     | Reached **** piety under Hepliaklqana
 12709 | D:10     | Found a shimmering blue altar of Sif Muna.
 13276 | D:11     | Found a staircase to the Orcish Mines.
 13290 | D:11     | Noticed a cyclops
 13418 | D:11     | Killed a cyclops
 13434 | D:11     | Reached XP level 12. HP: 81/81 MP: 22/22
 13722 | D:11     | Found a staircase to the Lair.
 13875 | D:11     | Noticed a two-headed ogre
 14138 | D:11     | Killed a two-headed ogre
 14193 | D:11     | Noticed Grum
 14211 | D:11     | Killed Grum
 14288 | D:11     | Reached skill level 10 in Evocations
 15169 | D:12     | Noticed a boulder beetle
 15462 | D:12     | Noticed Azrael
 16705 | D:13     | Killed Azrael
 16706 | D:13     | Reached XP level 13. HP: 64/89 MP: 23/25
 17439 | Lair:1   | Entered Level 1 of the Lair of Beasts
 17439 | Lair:1   | Reached ***** piety under Hepliaklqana
 17947 | Lair:1   | Learned a level 3 spell: Stone Arrow
 17953 | Lair:1   | Learned a level 5 spell: Yara's Violent Unravelling
 18865 | Lair:2   | Found a staircase to the Shoals.
 19375 | Lair:2   | Found a staircase to the Snake Pit.
 20191 | Lair:3   | Reached skill level 10 in Armour
 21354 | Lair:3   | Reached XP level 14. HP: 38/97 MP: 25/27
 21596 | Lair:3   | Identified the +3 short sword of Plog {freeze, rElec rCorr
                  | Int+3}
 21872 | Lair:3   | Reached skill level 10 in Invocations
 21969 | Lair:3   | Found an iron altar of Okawaru.
 22514 | Lair:4   | Reached ****** piety under Hepliaklqana
 23591 | Lair:4   | Learned a level 4 spell: Summon Lightning Spire
 23745 | Lair:4   | Found a staircase to the Slime Pits.
 23746 | Lair:4   | Found a viscous altar of Jiyva.
 24215 | Lair:5   | Entered Level 5 of the Lair of Beasts
 24324 | Lair:5   | Reached skill level 10 in Fighting
 24324 | Lair:5   | Reached skill level 10 in Dodging
 24499 | Lair:5   | Reached skill level 10 in Stealth
 25741 | Lair:5   | Reached XP level 15. HP: 99/103 MP: 28/28
 25969 | Lair:5   | Reached skill level 10 in Short Blades
 25969 | Lair:5   | Reached skill level 10 in Long Blades
 25969 | Lair:5   | Reached skill level 10 in Axes
 25969 | Lair:5   | Reached skill level 10 in Maces & Flails
 25969 | Lair:5   | Reached skill level 10 in Polearms
 25969 | Lair:5   | Reached skill level 10 in Staves
 25969 | Lair:5   | Reached skill level 10 in Ranged Weapons
 25969 | Lair:5   | Reached skill level 10 in Throwing
 25969 | Lair:5   | Reached skill level 10 in Shields
 25969 | Lair:5   | Reached skill level 10 in Unarmed Combat
 25969 | Lair:5   | Reached skill level 10 in Spellcasting
 26889 | Lair:5   | Found a large runed translucent door.
 26890 | Lair:5   | Found a large runed translucent door.
 27215 | Orc:1    | Entered Level 1 of the Orcish Mines
 27216 | Orc:1    | Found a large runed translucent door.
 27216 | Orc:1    | Found a large runed translucent door.
 27342 | Orc:1    | Noticed Funteblela's ghost (journeyman GnWn)
 27435 | Orc:1    | Killed Funteblela's ghost
 27654 | Orc:1    | Identified the ring of Contentment {Fire rPois Str-5 Int+2
                  | Dex+3}
 27686 | Orc:2    | Entered Level 2 of the Orcish Mines
 27686 | Orc:2    | Found a staircase to the Elven Halls.
 28065 | Orc:2    | Found a radiant altar of Vehumet.
 28811 | Orc:2    | Gained mutation: You are vulnerable to heat. (rF-) [a
                  | neqoxec]
 28933 | Orc:2    | Found Soahymp's Antique Armour Emporium.
 28933 | Orc:2    | Found Qaoqip's Antique Weapon Shoppe.
 28943 | Orc:2    | Found Koaveg's Magic Scroll Shoppe.
 28959 | Orc:2    | Found Vius's General Store.
 29058 | Orc:2    | Bought a +2 buckler for 231 gold pieces
 30249 | D:13     | Found a gate to the Vaults.
 30591 | D:14     | Found a gate leading to a gauntlet.
 30600 | Gauntlet | Entered a Gauntlet
 30600 | Gauntlet | Found a transporter.
 30600 | Gauntlet | Found a transporter.
 30612 | Gauntlet | Found a transporter.
 30630 | Gauntlet | Found a transporter.
 30630 | Gauntlet | Found a transporter.
 30630 | Gauntlet | Found a transporter.
 30632 | Gauntlet | Found a transporter.
 30632 | Gauntlet | Found a transporter.
 30644 | Gauntlet | Found a transporter.
 30660 | Gauntlet | Found a transporter.
 30669 | Gauntlet | Found a runed translucent door.
 30670 | Gauntlet | Found a transporter.
 30671 | Gauntlet | Found a runed translucent door.
 30684 | Gauntlet | Found a transporter.
 30704 | Gauntlet | Found a transporter.
 30717 | Gauntlet | Found a transporter.
 31491 | Gauntlet | Identified the +0 hat "Cugom" {Int+4}
 31670 | Gauntlet | Lost mutation: You are vulnerable to heat. (rF-) [potion of
                  | mutation]
 31670 | Gauntlet | Gained mutation: You occasionally lose the ability to read
                  | scrolls when taking damage. [potion of mutation]
 31670 | Gauntlet | Gained mutation: Your mind is acute. (Int +4, Str/Dex -1)
                  | [potion of mutation]
 31670 | Gauntlet | Gained mutation: Your system is resistant to poisons.
                  | (rPois) [potion of mutation]
 31678 | Gauntlet | Identified the +9 quarterstaff of Gopsiolu {flame, Fly
                  | Str+4 Dex-3}
 31724 | Gauntlet | Identified the +0 ring mail "Adghyudiu" {Fly Regen+ MP-9
                  | Str-3}
 31724 | Gauntlet | Identified the +3 war axe of the Unkillable {venom, rElec
                  | Str+2 SInv}
 31727 | Gauntlet | Got Sif Muna's Secrets of Dislocation
 31945 | D:14     | Noticed Nessos
 31951 | D:14     | Noticed Agnes
 31958 | D:14     | Killed Nessos
 31965 | D:14     | HP: 1/105 [Agnes/+0 lajatang of electrocution (21)]
 31967 | D:14     | Killed Agnes
 33338 | D:14     | Reached XP level 16. HP: 112/112 MP: 30/30
 33609 | D:15     | Entered Level 15 of the Dungeon
 34214 | D:15     | Reached skill level 10 in Shapeshifting
 35189 | D:15     | Found a staircase to the Depths.
 35660 | D:15     | Found the +5 robe of Night {Dark Will+ SInv}
 35883 | Snake:1  | Entered Level 1 of the Snake Pit
 36352 | D:15     | Learned a level 4 spell: Manifold Assault
 37534 | Snake:1  | Mangled by a naga warrior

Illustrated notes

Levels and vault maps discovered:
D:1:      dpeg_arrival_shelter, layout_rooms
D:2:      layout_rooms, serial_shops, nicolae_shop_trees,
          corexii_item_surrounded_by_moat, minmay_guardbox, uniq_terence
D:3:      layout_rooms, nicolae_hepliaklqana_hippocampus, demons_altar,
          gup_sewer_entry_glass, uniq_natasha
D:4:      layout_basic, dreamdust_wishing_well
D:5:      layout_loops_corners, chei_slow_surprise,
          nemelex_diamond_rough_becter, serial_shops, shop,
          dilly_guarded_unrand_devastator, uniq_edmund
D:6:      layout_basic, minmay_temple_entry_tees
D:7:      layout_loops_ring, fedhas_altar_3, overflow_temple_1_default,
          nicolae_the_louvre
D:8:      minmay_inner_zag, layout_loops_cross,
          mainiacjoe_overflow_concentric_impassable,
          mainiacjoe_overflow_six_doors_small, uniq_jeremiah
D:9:      layout_basic, mainiacjoe_overflow_alcove_1, mainiacjoe_overflow_paths,
          mainiacjoe_overflow_brackets, uniq_joseph, uniq_psyche
D:10:     layout_long_grid, mainiacjoe_overflow_small_starburst, serial_shops,
          shop_fountains, kennysheep_nub, uniq_josephine, uniq_sonja
D:11:     layout_rooms, hellmonk_lair_entry_icy, zombieorc2_lemuel,
          minmay_the_grid_square_5x5_3x3_mashed
          [minmay_the_grid_square_5x5_doubleslash,
          minmay_the_grid_square_5x5_percent,
          minmay_the_grid_square_5x5_hollow_slash,
          minmay_the_grid_square_5x5_bite,
          minmay_the_grid_square_5x5_megaprize_hollow,
          minmay_the_grid_square_5x5_bracketed,
          minmay_the_grid_square_5x5_bridge,
          minmay_the_grid_square_5x5_six_small,
          minmay_the_grid_square_5x5_inner_i], uniq_grum
D:12:     layout_irregular_city, uniq_azrael
D:13:     layout_grid_maze, david_vaults_2
D:14:     layout_basic, gauntlet_entry_generic, kennysheep_nondescript,
          uniq_nessos, uniq_agnes
D:15:     gammafunk_enter_depths_forms, layout_cave_pools, glass_columns_b,
          hangedman_abyss_or_decor_lesser_grid, hellmonk_guarded_unrand_night
Lair:1:   layout_long_grid, infiniplex_staircase_pool_2
Lair:2:   layout_cave_shapes, shoals_dummy_entry, nicolae_snake_entry_squirm
Lair:3:   layout_layer_cave, basic_altar, grunt_megastairs_1
Lair:4:   layout_gridlike, nicolae_slime_entry_slimehenge, minmay_hedge_maze,
          infiniplex_staircase_pool
Lair:5:   cheibrodos_lair_end_hotspot, layout_concentric_octagons, serial_bayou,
          serial_bayou_lagoon_a, serial_bayou_crossing, serial_bayou_shore_b,
          minivault_26, nicolae_quartered_pool_super,
          hangedman_lair_unloving_vines, serial_bayou_pond_b
Snake:1:  layout_chambers
Orc:1:    layout_caves, ebering_ghost_disaster_area
Orc:2:    st_orc_mages, layout_diamond_mine, basic_altar, minmay_orc_keep

Skill      XL: |  1  2  3  4  5  6  7  8  9 10 11 12 13 14 15 16 |
---------------+-------------------------------------------------+-----
Invocations    | 1 2 3 4 5 6 7 8 9 10 11 12 | 12.2
Short Blades   | 1 2 3 4 5 6 8 9 10 11 | 11.3
Long Blades    | 1 2 3 4 5 6 8 9 10 11 | 11.3
Axes           | 1 2 3 4 5 6 8 9 10 11 | 11.3
Maces & Flails | 1 2 3 4 5 6 8 9 10 11 | 11.3
Polearms       | 1 2 3 4 5 6 8 9 10 11 | 11.3
Staves         | 1 2 3 4 5 6 8 9 10 11 | 11.3
Ranged Weapons | 1 2 3 4 5 6 8 9 10 11 | 11.3
Throwing       | 1 2 3 4 5 6 8 9 10 11 | 11.3
Shields        | 1 2 3 4 5 6 8 9 10 11 | 11.3
Unarmed Combat | 1 2 3 4 5 6 8 9 10 11 | 11.3
Spellcasting   | 1 2 3 4 5 6 8 9 10 11 | 11.3
Shapeshifting  | 1 2 3 4 5 6 7 8 9 10 | 10.3
Conjurations   | 1 2 3 4 5 6 7 8 9 |  9.5
Hexes          | 1 2 3 4 5 6 7 8 9 |  9.5
Summonings     | 1 2 3 4 5 6 7 8 9 |  9.5
Necromancy     | 1 2 3 4 5 6 7 8 9 |  9.5
Translocations | 1 2 3 4 5 6 7 8 9 |  9.5
Transmutations | 1 2 3 4 5 6 7 8 9 |  9.5
Fire Magic     | 1 2 3 4 5 6 7 8 9 |  9.5
Ice Magic      | 1 2 3 4 5 6 7 8 9 |  9.5
Air Magic      | 1 2 3 4 5 6 7 8 9 |  9.5
Earth Magic    | 1 2 3 4 5 6 7 8 9 |  9.5
Poison Magic   | 1 2 3 4 5 6 7 8 9 |  9.5
Fighting       | 3 4 5 6 7 8 9 10 11 | 11.6
Dodging        | 3 4 5 6 7 8 9 10 11 | 11.6
Stealth        | 3 4 5 6 7 8 9 10 11 | 11.5
Armour         | 5 6 7 8 9 10 11 12 | 12.1
Evocations     | 7 8 9 10 11 12 | 12.9

Action                     |  1- 3 |  4- 6 |  7- 9 | 10-12 | 13-15 | 16-18 || total
---------------------------+-------+-------+-------+-------+-------+-------++-------
  Melee: Club              |   175 |   295 |       |       |       |       ||   470
         Bite              |    15 |    29 |    50 |   153 |   182 |    44 ||   473
         Punch             |     2 |     5 |    21 |    41 |    70 |       ||   139
         Hand axe          |       |     8 |   374 |   846 |   195 |       ||  1423
         Broad axe         |       |       |       |       |   895 |   282 ||  1177
         Shillelagh        |       |       |       |       |    17 |       ||    17
   Cast: Summon Lightning  |       |       |       |       |     2 |       ||     2
         Manifold Assault  |       |       |       |       |       |    23 ||    23
 Invoke: Ancestor Life: Ba |       |       |     1 |       |       |       ||     1
         Recall Ancestor   |       |       |       |     4 |     2 |       ||     6
  Evoke: Wand              |     1 |    23 |     4 |     8 |    10 |       ||    46
         Box of beasts     |       |       |       |     1 |       |       ||     1
    Use: Potion            |       |       |       |     2 |     4 |     3 ||     9
         Scroll            |       |       |       |    18 |     8 |     1 ||    27
   Stab: Sleeping          |     1 |       |       |     2 |    17 |     4 ||    24
         Distracted        |       |       |     2 |    10 |    21 |     9 ||    42
         Paralysed         |       |       |       |     4 |     2 |       ||     6
 Armour: Leather armour    |    54 |   113 |    11 |       |       |       ||   178
         Chain mail        |       |       |   101 |    95 |       |       ||   196
         Ring mail         |       |       |       |    97 |   377 |    67 ||   541
         Robe              |       |       |       |       |       |    15 ||    15
  Dodge: Dodged            |   126 |   246 |   142 |   451 |   936 |   174 ||  2075
  Block: Other             |    26 |   100 |    65 |   143 |   219 |       ||   553
         Reflection        |       |     1 |     1 |     5 |    11 |    27 ||    45
         Kite shield       |       |       |       |       |   114 |   261 ||   375
         Buckler           |       |       |       |       |    76 |       ||    76

Table legend: (Time is in decaauts)
 A = Elapsed time spent in this place.
 B = Non-inter-level travel time spent in this place.
 C = Inter-level travel time spent in this place.
 D = Time resting spent in this place.
 E = Time spent auto-exploring this place.
 F = Levels seen in this place.
 G = Mean time per level.
                   A        B        C        D        E       F      G
               +--------+--------+--------+--------+--------+-----+--------+
         Total |  37535 |  35738 |   1797 |   7315 |  21558 |  25 | 1501.4 |
       Dungeon |  21654 |  20573 |   1081 |   3993 |  12773 |  15 | 1443.6 |
          Lair |  10023 |   9439 |    584 |   2226 |   5537 |   5 | 2004.6 |
     Snake Pit |   1224 |   1200 |     24 |      0 |   1006 |   1 | 1224.0 |
  Orcish Mines |   2154 |   2048 |    106 |    304 |   1427 |   2 | 1077.0 |
         Sewer |   1140 |   1140 |      0 |    184 |    521 |   1 | 1140.0 |
      Gauntlet |   1337 |   1337 |      0 |    608 |    293 |   1 | 1337.0 |
               +--------+--------+--------+--------+--------+-----+--------+

Top non-repeatable levels by time:
  Lair:3: 2683 daAuts
  Lair:5: 2568 daAuts
    D:14: 2286 daAuts
  Lair:4: 2273 daAuts
    D:12: 2008 daAuts
    D:15: 1803 daAuts
    D:10: 1751 daAuts
     D:2: 1693 daAuts
     D:8: 1577 daAuts
    D:11: 1545 daAuts
     D:5: 1494 daAuts
  Lair:1: 1427 daAuts
    D:13: 1394 daAuts
   Orc:2: 1392 daAuts
Gauntlet: 1337 daAuts
